 Dungeon Crawl Stone Soup version 0.30.1-1-g62c8e00024 (webtiles) character file.

Game seed: 5679271755129626190

58 shmup the Firebug (level 4, -3/24 HPs)
             Began as a Tengu Fire Elementalist on July 17, 2023.
             Succumbed to an orc's poison
             ... on level 3 of the Dungeon.
             The game lasted 00:03:11 (2216 turns).

shmup the Firebug (Tengu Fire Elementalist)         Turns: 2216, Time: 00:03:11

Health: -3/24      AC:  2    Str:  8    XL:     4   Next: 1%
Magic:  7/8        EV: 12    Int: 17    God:
Gold:   199        SH:  0    Dex: 15    Spells: 4/7 levels left

rFire   . . .        a - +0 dagger (venom)
rCold   . . .        (no shield)
rNeg    . . .        k - +0 robe
rPois   .            (helmet restricted)
rElec   .            (no cloak)
rCorr   .            (no gloves)
SInv    .            (boots unavailable)
Will    .....        (no amulet)
Stlth   ++           (no ring)
HPRegen 0.24/turn    (no ring)
MPRegen 0.11/turn

%: no passive effects
@: lethally poisoned (-3 -> -26)
A: beak, talons 3
a: no special abilities


You were on level 3 of the Dungeon.
You visited 1 branch of the dungeon, and saw 3 of its levels.

You collected 199 gold pieces.

Inventory:

Hand Weapons
 a - a +0 dagger of venom (weapon)
 b - a +0 dagger of freezing
Missiles
 d - 11 stones (quivered)
Armour
 k - a +0 robe (worn)
Scrolls
 c - a scroll of torment {unknown}
 f - a scroll of enchant armour {unknown}
 l - 2 scrolls of identify {unknown}
 m - a scroll of teleportation {unknown}
Potions
 e - a potion of curing {unknown}
 g - a potion of mutation {unknown}
 h - a potion of degeneration {unknown}
 i - 2 potions of magic
 j - a potion of might {unknown}


   Skills:
 - Level 2.1 Dodging
 - Level 2.0 Stealth
 - Level 2.0 Spellcasting
 + Level 3.0 Conjurations
 * Level 4.7 Fire Magic


You had 4 spell levels left.
You knew the following spells:

 Your Spells              Type           Power      Damage    Failure   Level
a - Foxfire               Conj/Fire      56%        2x1d6     4%          1
b - Scorch                Fire           34%        2d6       4%          2

Your spell library contained the following spells:

 Spells                   Type           Power      Damage    Failure   Level
 Inner Flame              Hex/Fire       9%         N/A       22%         3
 Volatile Blastmotes      Fire/Tloc      18%        2d11      22%         3
 Flame Wave               Conj/Fire      14%        2d6       36%         4


Dungeon Overview and Level Annotations

Branches:
Dungeon (3/15)

Altars:

Shops:
D:1 *


Innate Abilities, Weirdness & Mutations

You have a beak for a mouth.
You have claws for feet.


Message History

You now have 199 gold pieces (gained 11).
Found 2 gold pieces.
An orc comes into view. It is wielding a +0 trident.
An orc is nearby!
An orc and an orc priest come into view.
The orc is wielding a +1 whip of venom.
The orc shouts!
The orc priest shouts!
The orc shouts!
You hear an angry hiss.
The orc priest moves out of view.
Found 2 stones.
An adder comes into view.
The orc priest calls down the wrath of Beogh upon you.
You barely resist.
The adder moves out of view.
Casting: Foxfire (safe; 4% risk of failure)
Confirm with . or Enter, or press ? or * to list all spells.
You conjure some foxfire!
The foxfire hits the orc.
The orc is moderately wounded.
The orc hits you from afar with a +0 trident!
The orc priest calls upon Beogh to heal the orc.
The orc's wounds heal themselves!
You hear the slow rusting of a very distant drain.
The foxfire hits the orc.
The orc is severely wounded.
The orc priest looks encouraged for a moment.
The orc hits you but does no damage.
Unknown command.
The orc attacks as you move away!
The orc hits you with a +1 whip of venom.
You are poisoned.
You feel sick. The orc attacks as you move away!
The orc hits you with a +1 whip of venom.
* * * LOW HITPOINT WARNING * * *
You are lethally poisoned!
* * * LOW HITPOINT WARNING * * *
You feel very sick.
* * * LOW HITPOINT WARNING * * *
You feel very sick. The orc attacks as you move away!
The orc hits you but does no damage.
You are more poisoned.
You die...

▒..............▒▒....
▒..........>.......▒▒
▒...............▒▒.▒
▒........<.....▒▒▒.▒
▒▒............▒▒ ▒..
▒▒..........▒▒ ▒▒..
▒▒▒.▒▒▒▒▒▒▒▒ ▒. ▒..▒
▒ ▒Q▒▒ ▒.▒ ▒o▒ ▒.▒
▒o▒ ...S.(oS.......
....o....▒▒▒▒▒▒
.......$.▒ .........▒


You could see an orc priest, an adder and 2 orcs.

Vanquished Creatures
  Jessica (D:2)
  2 dart slugs
  5 endoplasms
  A giant cockroach (D:2)
  4 goblins (D:2)
  3 hobgoblins (D:2)
  A kobold (D:2)
  A quokka (D:1)
  2 ball pythons (D:2)
  4 bats
  2 frilled lizards (D:1)
26 creatures vanquished.

Vanquished Creatures (others)
  86 foxfires
86 creatures vanquished.

Grand Total: 112 creatures vanquished

Notes
Turn   | Place    | Note
-------+----------+-------------------------------------------
     0 | D:1      | shmup the Tengu Fire Elementalist began the quest for the
                  | Orb.
     0 | D:1      | Reached XP level 1. HP: 10/10 MP: 4/4
   534 | D:1      | Reached XP level 2. HP: 15/15 MP: 3/6
   743 | D:1      | Found Mikocw's Assorted Antiques.
  1470 | D:2      | Reached skill level 4 in Fire Magic
  1592 | D:2      | Noticed Jessica
  1599 | D:2      | Killed Jessica
  1600 | D:2      | Reached XP level 3. HP: 11/19 MP: 3/7
  2017 | D:2      | Reached XP level 4. HP: 24/24 MP: 6/8
  2136 | D:2      | Learned a level 2 spell: Scorch
  2215 | D:3      | HP: 1/24 [poisoned by an orc]
  2216 | D:3      | Succumbed to an orc's poison

Illustrated notes

Levels and vault maps discovered:
D:1:      dpeg_arrival_central, layout_basic, serial_shops, shop,
          serial_bayou_lagoon_a
D:2:      layout_loops_corners, uniq_jessica
D:3:      layout_rooms, nicolae_overflow_hallway_of_the_gods,
          portal_sewer_entry_b, columned_hall_lemuel

Skill      XL: |  1  2  3 |
---------------+----------+-----
Conjurations   | 2 3 |  3.0
Fire Magic     | 4 |  4.7
Dodging        | |  2.1
Stealth        | |  2.0
Spellcasting   | |  2.0

Action                     |  1- 3 |  4- 6 || total
---------------------------+-------+-------++-------
  Melee: Unarmed           |     1 |       ||     1
         Kick              |     1 |       ||     1
   Cast: Foxfire           |    52 |     1 ||    53
 Armour: Robe              |     7 |     2 ||     9
  Dodge: Dodged            |    17 |       ||    17
